 Dungeon Crawl Stone Soup version 0.22.1-2-g9c5b331 (webtiles) character file.

72 JustSomeDude the Sneak (level 4, -4/26 HPs)
             Began as a Vampire Assassin on Dec 29, 2018.
             Slain by a goblin
             ... wielding a +0 club
             ... led by Robin
              (7 damage)
             ... on level 2 of the Dungeon.
             The game lasted 00:09:02 (1743 turns).

JustSomeDude the Sneak (Vampire Assassin)           Turns: 1743, Time: 00:09:03

Health: -4/26      AC:  3    Str: 10    XL:     4   Next: 7%
Magic:  4/4        EV: 12    Int: 18    God:
Gold:   78         SH:  0    Dex: 16    Spells: 3/3 levels left

rFire    + . .     SeeInvis +   a - +2 dagger
rCold    . . .     Gourm    .   (no shield)
rNeg     + . .     Faith    .   c - +0 robe
rPois    .         Spirit   .   (no helmet)
rElec    .         Reflect  .   d - +0 cloak
rCorr    .         Harm     .   (no gloves)
MR       .....                  (no boots)
Stlth    ++++......             (no amulet)
HPRegen  0.08/turn              (no ring)
MPRegen  0.09/turn              (no ring)

@: brilliant
A: fangs 3, see invisible, fire resistance 1, frail 2, unbreathing
a: Bat Form


You were on level 2 of the Dungeon.
You were not thirsty.

You visited 1 branch of the dungeon, and saw 2 of its levels.

You collected 78 gold pieces.

Inventory:

Hand Weapons
 a - a +2 dagger (weapon)
 b - a +0 blowgun
Missiles
 e - 8 poisoned needles
 f - 2 curare-tipped needles
Armour
 c - a +0 robe (worn)
 d - a +0 cloak (worn)
 m - a +0 leather armour
Jewellery
 o - a cursed amulet of guardian spirit
Scrolls
 h - a scroll of fear {unknown}
 i - 5 scrolls of identify
 n - a scroll of teleportation {unknown}
 p - a scroll of fog {unknown}
Potions
 g - 16 potions of blood


   Skills:
 + Level 2.0 Fighting
 + Level 2.6 Short Blades
 + Level 1.6 Throwing
 + Level 1.7 Dodging
 + Level 7.7 Stealth


You had 3 spell levels left.
You didn't know any spells.
Your spell library was empty.

Dungeon Overview and Level Annotations

Branches:
Dungeon (2/15)

Altars:
Fedhas
Nemelex Xobeh

Annotations:
D:2 Robin, Terence


Innate Abilities, Weirdness & Mutations

You have razor-sharp teeth.
You have supernaturally acute eyesight. (SInv)
You can survive without breathing.
Your flesh is heat resistant. (rF+)
You are very frail. (-20% HP)


Message History

It was a potion of mutation.
You feel extremely strange.
You feel frail. x2; You feel resistant to heat.
The goblin hits you but does no damage. Robin barely misses you.
You hit Robin.
Robin is moderately wounded.
The goblin hits you but does no damage. Robin hits you with a spear.
You hit Robin.
Robin is moderately wounded.
Robin hits you with a spear. The goblin hits you with a club.
Yummy - fresh blood!
Robin hits you with a spear.
As you read the scroll labeled OLAELU FUIGH, it crumbles to dust.
You feel aware of your surroundings.
You sensed 5 altars.
It was a scroll of magic mapping.
The goblin hits you with a club.
* * * LOW HITPOINT WARNING * * *
Robin hits you with a spear.
* * * LOW HITPOINT WARNING * * *
You barely miss Robin.
Robin is moderately wounded.
The goblin hits you with a club!
You die...

,,,* *_,,***_,_***,,_*,,,,,,.#
,,,* ***,,**,,,**,,###**####.#
,,,*********,,,,,,,,,*#.###.....#
,,,,,,,,,,,****,,,****#.#........
,,,,,,,,,,,*****_** #.#.#.#....
,,,,,,,,,,,,,,<########.#'#......
,,,,,,,,,,,,,,,#.))(g)...........
,,,,,,,,,,,,,,,#g#####.g...####..
,,,,,,,,,,,,,,,#@#***#.....'.....
,***,,,***,,,,,#g#>..#.....#####.
** *,,,* ******#.#......g........
****,,,********#.#[...........#..
,,,',,,+,,,,,,,..#............#.†
****,,,*******...?............#..
,,,,,,,,,,,,,'................#..
,,,,,,,,,****#.....##...>.....#..
,,,,,,,,,* #.....*#.........#..


You could see Robin and a goblin.

Vanquished Creatures
  An adder (D:2)
  A gnoll (D:1)
  An ooze (D:1)
  A worm (D:2)
  2 ball pythons
  2 giant cockroaches
  10 goblins
  8 hobgoblins
  5 kobolds
  4 bats
  3 frilled lizards
  7 rats
45 creatures vanquished.

Notes
Turn   | Place    | Note
-------+----------+-------------------------------------------
     0 | D:1      | JustSomeDude the Vampire Assassin began the quest for the
                  | Orb.
     0 | D:1      | Reached XP level 1. HP: 16/16 MP: 1/1
    47 | D:1      | Reached skill level 6 in Stealth
    72 | D:1      | Reached XP level 2. HP: 22/22 MP: 2/2
   372 | D:1      | Reached skill level 7 in Stealth
   445 | D:1      | Reached XP level 3. HP: 25/27 MP: 3/3
   764 | D:2      | Found a blossoming altar of Fedhas.
   820 | D:2      | Noticed a phantom
  1488 | D:2      | Found a sparkling altar of Nemelex Xobeh.
  1632 | D:2      | Noticed Terence
  1692 | D:2      | Reached XP level 4. HP: 24/33 MP: 4/4
  1702 | D:2      | Noticed Robin
  1738 | D:2      | Gained mutation: You are frail. (-10% HP) [potion of
                  | mutation]
  1738 | D:2      | Gained mutation: You are very frail. (-20% HP) [potion of
                  | mutation]
  1738 | D:2      | Gained mutation: Your flesh is heat resistant. (rF+)
                  | [potion of mutation]
  1743 | D:2      | Slain by a goblin

Skill      XL: |  1  2  3 |
---------------+----------+-----
Stealth        | 6 7 |  7.7
Fighting       | 2 |  2.0
Short Blades   | |  2.6
Throwing       | |  1.6
Dodging        | |  1.7

Action                   |  1- 3 |  4- 6 || total
-------------------------+-------+-------++-------
Melee: Dagger            |   116 |    22 ||   138
       Bite              |    12 |     3 ||    15
  Use: Scroll            |     1 |     1 ||     2
       Potion            |       |     3 ||     3
 Stab: Sleeping          |    13 |       ||    13
  Eat: Corpse            |       |     1 ||     1
Armor: Robe              |    25 |     4 ||    29
Dodge: Dodged            |    49 |    21 ||    70
